AoeStats
← [GG] Shevchenko 7

Nomad

509540563Analyzed
4v4 RM · 6d ago on Sep 27, 2026· 60m 28s· 8 players
Game mode
Random Map
Map size
231×231
Population
200
Speed
Normal
Resources
Standard
Victory
Conquest
Starting age
Dark Age
Ending age
Imperial Age
RankedLock teamsTeams togetherTeam positionsShared explorationLock speedFull tech treeHidden civsTurbo modeCheats
Victory
Defeat
🇵🇪 Celts · Peru
984
+14
🇵🇪 Romans · Peru
965
+15
🇦🇷 Byzantines · Argentina
936
+16
🇭🇰 Celts · Hong Kong SAR China
908
+17
964
-17
🇧🇷 Malians · Brazil
962
-17
🇧🇷 Mongols · Brazil
951
-16
🇧🇷 Slavs · Brazil
859
-12
[GG] Ibrahimovic
9:11 Loom
18:40 Feudal Age
18:42 Man-at-Arms
19:58 Town Watch
20:07 Horse Collar
23:49 Forging
23:40 Scale Mail Armor
27:41 Gold Mining
28:33 Wheelbarrow
29:15 Padded Archer Armor
29:07 Fletching
29:46 Stone Mining
33:19 Castle Age
31:08 Fishing Lines
32:40 Double-Bit Axe
34:49 Iron Casting
34:30 Chain Mail Armor
34:35 Leather Archer Armor
34:32 Squires
34:57 Long Swordsman
34:58 Pikeman
36:20 Bodkin Arrow
40:44 Scale Barding Armor
42:44 Chain Barding Armor
45:32 Gillnets
47:05 Hand Cart
48:32 Town Patrol
48:47 Heavy Plow
50:09 Bow Saw
55:43 Imperial Age
[GG] Raúl González Blanco
4:59 Loom
15:05 Feudal Age
20:38 Castle Age
18:47 Town Watch
22:33 Town Patrol
24:28 Fishing Lines
26:20 Wheelbarrow
26:54 Kamandaran
27:30 Crossbowman
28:15 Thumb Ring
28:03 Fletching
31:15 Horse Collar
32:24 Double-Bit Axe
35:02 Padded Archer Armor
37:33 Leather Archer Armor
37:19 Bodkin Arrow
37:37 Scale Barding Armor
38:28 Forging
39:59 Hand Cart
43:36 Imperial Age
41:30 Chain Barding Armor
42:38 Ballistics
42:15 Murder Holes
45:06 Chemistry
44:10 Husbandry
44:20 Bloodlines
44:19 Thumb Ring
45:13 Ring Archer Armor
45:19 Plate Barding Armor
45:20 Iron Casting
45:57 Scale Mail Armor
46:52 Cavalier
46:53 Light Cavalry
52:10 Hussar
[GG] Trezeguet
11:07 Loom
18:04 Feudal Age
22:24 Castle Age
21:11 Double-Bit Axe
21:09 Horse Collar
21:22 Gold Mining
22:02 Fletching
22:12 Padded Archer Armor
22:20 Stone Mining
23:44 Wheelbarrow
24:56 Gold Shaft Mining
25:56 Demolition Ship
26:47 Medium Warships
28:01 Bow Saw
28:59 Scale Mail Armor
29:10 Forging
29:35 Forging
35:32 Imperial Age
33:17 Hand Cart
33:55 Chain Mail Armor
35:40 Iron Casting
38:30 Elite Gbeto
39:11 Tigui
39:32 Conscription
40:27 Plate Mail Armor
43:27 Scale Barding Armor
43:53 Bloodlines
43:04 Light Cavalry
43:45 Husbandry
45:55 Chain Barding Armor
48:06 Cavalier
[GG] Shevchenko 7
3:09 Loom
16:48 Feudal Age
20:10 Scale Barding Armor
20:17 Forging
22:27 Castle Age
22:24 Double-Bit Axe
22:23 Horse Collar
27:15 Wheelbarrow
27:48 Chain Barding Armor
28:04 Iron Casting
33:58 Hand Cart
35:22 Pikeman
36:05 Scale Mail Armor
44:57 Imperial Age
41:55 Elite Skirmisher
51:26 Demolition Ship
LordBoris
6:17 Loom
6:35 Loom
16:15 Feudal Age
17:51 Double-Bit Axe
21:37 Castle Age
20:48 Fletching
20:58 Padded Archer Armor
21:57 Gold Mining
22:00 Stone Mining
22:32 Crossbowman
23:15 Bodkin Arrow
24:04 Gold Shaft Mining
23:20 Stone Mining
24:08 Wheelbarrow
25:32 Ballistics
27:23 Horse Collar
29:14 Bow Saw
28:56 Town Watch
30:14 Leather Archer Armor
33:22 Hand Cart
36:42 Imperial Age
34:17 Stronghold
38:24 Chemistry
37:47 Conscription
38:37 Stone Shaft Mining
38:33 Ring Archer Armor
38:14 Siege Engineers
39:04 Town Patrol
43:11 Elite Woad Raider
44:26 Hoardings
51:27 Elite Skirmisher
Gambitho
3:36 Loom
23:07 Feudal Age
24:12 Town Watch
26:41 Castle Age
25:14 Forging
25:10 Scale Barding Armor
26:04 Fishing Lines
28:01 Medium Warships
28:47 Gillnets
33:06 Imperial Age
32:58 Gold Mining
32:54 Double-Bit Axe
32:41 Pikeman
33:21 Squires
33:43 Chain Barding Armor
33:59 Iron Casting
33:40 Clinker Construction
33:41 Careening
33:52 Ballistics
34:51 Chemistry
33:57 Siege Engineers
35:00 Wheelbarrow
34:36 Bow Saw
35:03 Gold Shaft Mining
34:50 Fletching
36:42 Bodkin Arrow
37:30 Heavy Warships
37:54 Plate Barding Armor
38:58 Conscription
41:05 Ballistas
41:46 Ballistics
41:47 Carvel Hull
42:40 Masonry
43:20 Hand Cart
46:50 Town Patrol
47:55 Blast Furnace
47:22 Murder Holes
47:58 Architecture
49:57 Heavy Scorpion
59:20 Halberdier
60:01 Scale Mail Armor
hckwok823
8:05 Loom
11:21 Loom
15:31 Feudal Age
18:07 Horse Collar
19:03 Double-Bit Axe
19:56 Gold Mining
22:36 Wheelbarrow
21:51 Man-at-Arms
22:17 Arson
22:40 Scale Mail Armor
22:50 Forging
24:54 Castle Age
26:43 Gold Shaft Mining
26:21 Bow Saw
25:43 Long Swordsman
26:09 Gambesons
27:08 Stone Mining
29:04 Hand Cart
29:28 Stone Shaft Mining
28:54 Town Watch
29:59 Chain Mail Armor
30:19 Iron Casting
32:37 Coinage
37:44 Imperial Age
37:57 Two-Handed Swordsman
39:00 Conscription
40:06 Herbal Medicine
40:11 Champion
41:29 Plate Mail Armor
42:01 Blast Furnace
41:25 Fletching
43:02 Guilds
42:31 Pikeman
44:15 Fortified Wall
44:16 Masonry
45:38 Heavy Plow
46:37 Furor Celtica
46:52 Capped Ram
47:05 Halberdier
49:29 Bodkin Arrow
49:35 Padded Archer Armor
49:07 Halberdier
49:26 Siege Ram
51:15 Elite Woad Raider
54:34 Chemistry
53:31 Murder Holes
53:26 Onager
Kryztox9122
13:11 Loom
16:14 Feudal Age
20:00 Wheelbarrow
23:00 Castle Age
20:54 Double-Bit Axe
20:54 Fishing Lines
21:23 Gold Mining
25:35 Bow Saw
25:19 Stone Mining
26:53 Husbandry
29:31 Treadmill Crane
30:45 Fletching
32:03 Forging
31:58 Scale Barding Armor
33:11 Gillnets
34:31 Bodkin Arrow
35:39 Ballistics
39:05 Imperial Age
36:27 Horse Collar
37:28 Gold Shaft Mining
37:01 Squires
36:50 Arson
37:51 Scale Barding Armor
38:15 Heavy Plow
40:24 Stone Shaft Mining
41:12 Two-Man Saw
41:15 Conscription
41:31 Hoardings
41:53 Chain Barding Armor
42:08 Iron Casting
43:20 Plate Barding Armor
42:46 Bracer
45:14 Chemistry
44:00 Arrowslits
44:28 Heavy Camel Rider
46:02 Hand Cart
46:25 Crop Rotation
48:05 Murder Holes
48:31 Bombard Tower
48:30 Scale Mail Armor
49:12 Capped Ram
50:54 Chain Mail Armor
50:39 Padded Archer Armor
50:59 Elite Skirmisher
51:45 Thumb Ring
52:10 Fortified Wall
56:21 Leather Archer Armor
56:36 Plate Mail Armor
57:58 Elite Varangian Guard
Connection lost

Rejoining the realm…

Still unreachable

The connection could not be restored.

Session expired

The server has moved on; the page needs a fresh start.